Cogmind - Beta 15 @@@ ROGUE MODE // 2025.10.13 @ 01:43:18 Player: Bean Result: Destroyed by X-62 Marksman with Gauss Rifle Performance ------------- Evolutions (2) 1000 Regions Visited (3) 600 Robots Destroyed (90) 450 Value Destroyed (2829) 2829 Prototype IDs (5) 100 Alien Tech Used (0) 0 Bonus (0) 0 TOTAL SCORE: 4979 Bonus ------- None Cogmind --------- Core Integrity 0/550 Matter 300/300 Energy 13/160 System Corruption 0% Temperature Cool (0) Movement Core (300) Ox5 Location -8/Materials Parts ------- > --- POWER (1) -------- Light Nuclear Core > --- PROPULSION (3) --- (None) > --- UTILITY (5) ------ Improved Heat Sink Improved Heat Sink Improved Signal Interpreter Hardened Medium Armor Plating Shield Generator > --- WEAPON (2) ------- (None) > --- INVENTORY (5) ---- Improved Heat Sink ECM Suite Datajack Peak State ------------ > --- POWER ------------ Light Nuclear Core > --- PROPULSION ------- Improved Titanium Leg Improved Titanium Leg Improved Titanium Leg > --- UTILITY ---------- Heat Sink Improved Heat Sink Medium Storage Unit Sensor Array Improved Signal Interpreter > --- WEAPON ----------- Spread Laser Advanced Beam Rifle > --- INVENTORY -------- Ion Engine Improved Titanium Leg ECM Suite Shield Generator Particle Gun Spread Laser Mini Grenade Launcher Datajack [Rating: 31] Favorites ----------- Power Cooled Ion Engine Engine Cooled Ion Engine Power Core Light Nuclear Core Propulsion Improved Aluminum Leg Leg Improved Aluminum Leg Utility Sensor Array Device Sensor Array Storage Medium Storage Unit Processor Improved Signal Interpreter Hackware Hacking Suite Protection Hardened Medium Armor Plating Weapon Spread Laser Energy Gun Spread Laser Ballistic Gun Assault Rifle Ballistic Cannon Light Cannon Launcher Mini Grenade Launcher Special Weapon Plasma Cutter Special Melee Weapon Datajack Build | -11 -10 -9 -8 ------- Run | Yrd Mat Mat Mat Slots Evolved 4 | . . 2 2 Power . | . . . . Propulsion 1 | . . . 1 Utility 3 | . . 2 1 Weapon . | . . . . Parts Attached 71 | 8 11 22 30 Power 9 | 2 1 1 5 Engine 4 | 2 1 1 . Core 5 | . . . 5 Reactor . | . . . . Propulsion 18 | 2 3 5 8 Treads . | . . . . Leg 18 | 2 3 5 8 Wheel . | . . . . Hover . | . . . . Flight . | . . . . Utility 21 | 2 2 9 8 Device 12 | 1 1 5 5 Storage 2 | 1 1 . . Processor 3 | . . 2 1 Hackware 3 | . . 2 1 Protection 1 | . . . 1 Artifact . | . . . . Weapon 23 | 2 5 7 9 Energy Gun 15 | 1 1 5 8 Energy Cannon . | . . . . Ballistic Gun 1 | 1 . . . Ballistic Cannon 2 | . 2 . . Launcher 1 | . . . 1 Special Weapon 3 | . 1 2 . Impact Weapon . | . . . . Slashing Weapon . | . . . . Piercing Weapon . | . . . . Special Melee Weapon 1 | . 1 . . Unidentified Prototypes 2 | . 1 . 1 Parts Lost 23 | . 2 5 16 Power 5 | . 1 1 3 Propulsion 7 | . 1 2 4 Utility 4 | . . 1 3 Weapon 7 | . . 1 6 Highest Loss Streak 11 | . 1 2 11 To Critical Strikes . | . . . . Average Backups 7 | 1 5 7 8 Power . | . 1 . 1 Propulsion . | . 1 . . Utility 1 | . . 2 2 Weapon 2 | . 1 2 3 Tool/Special . | . . . . Unused Backups 6 | . 1 4 1 Power 1 | . . . 1 Propulsion 1 | . 1 . . Utility 1 | . . 1 . Weapon 3 | . . 3 . Tool/Special . | . . . . Average Slot Usage (%) 98 | . 99 98 96 Engine 10 | . 13 10 6 Leg 24 | . 27 21 24 Device 17 | . 14 18 19 Storage 11 | . 14 11 8 Processor 4 | . . 4 9 Hackware 6 | . . 9 6 Energy Gun 16 | . 8 19 17 Ballistic Cannon 4 | . 13 2 . Peak Build Rating 31 | 9 13 22 31 Average Rating 18 | 5 10 18 27 On Entrance 8 | . 9 12 14 Naked Turns . | . . . . Heaviest Build 27 | 14 24 27 26 Greatest Support 60 | 20 26 26 60 Greatest Overweight (x) 7 | 3 1 1 7 Average Overweight (x) . | . . . . Largest Inventory Capacity 10 | 8 10 10 10 Average Capacity 9 | 7 8 10 9 Most Carried 10 | 4 10 10 10 Average Carried 7 | 1 5 7 8 Final Capacity 10 | 8 10 10 5 Final Carried 10 | 2 10 8 3 Class Distribution -------------------- 94% | Mutant 3% | Scavenger-Mutant Dominant Class ---------------- Mutant | -10/Materials Mutant | -9/Materials Mutant | -8/Materials Resources | -11 -10 -9 -8 ----------- Run | Yrd Mat Mat Mat Matter Collected 1432 | 292 391 480 269 Remotely . | . . . . Salvage Created 2777 | 104 435 1192 1046 Parts 147 | 4 29 62 52 Haulers Intercepted 5 | . 2 2 1 Recyclers Shooed 1 | . 1 . . Parts Field Recycled . | . . . . Retrieved Matter . | . . . . Parts Self-Destructed . | . . . . Prevented . | . . . . Kills | -11 -10 -9 -8 ------- Run | Yrd Mat Mat Mat Combat Hostiles Destroyed 72 | . 12 31 29 Guns 58 | . 6 23 29 Cannons 14 | . 6 8 . Classes Destroyed 13 | 2 6 2 3 Worker 1 | . . 1 . Builder 1 | . 1 . . Tunneler 1 | 1 . . . Hauler 5 | . 2 2 1 Recycler 1 | 1 . . . Operator 3 | . 3 . . Watcher 6 | . 2 4 . Swarmer 16 | . 6 6 4 Grunt 41 | . 6 16 19 Duelist 1 | . . . 1 Sentry 9 | . . 9 . Specialist 3 | . . . 3 Hunter 2 | . . . 2 Best Kill Streak 6 | 2 4 5 6 Combat Bots Only 6 | . 4 5 6 Max Kills in Single Turn 2 | 1 1 1 2 Gunslinging . | . . . . Exploded . | . . . . Melee . | . . . . Uniques/NPCs Destroyed . | . . . . Combat | -11 -10 -9 -8 -------- Run | Yrd Mat Mat Mat Hostile Shots Fired 394 | . 67 141 186 Missed 91 | . 17 33 41 Hits 303 | . 50 108 145 Melee 3 | . . . 3 Projectile 300 | . 50 108 142 Critical Strikes 12 | . 1 6 5 Damage Taken 4553 | . 611 1334 2608 Core 942 | . 90 302 550 Absorbed by Shields 57 | . . . 57 Regen/Repaired (Parts) 140 | . 59 81 . Core Remaining (%) 62 | 100 64 24 . Volleys Fired 291 | 4 60 139 88 Largest 2 | 2 2 2 2 Hottest 156 | 60 80 156 130 Shots Fired 523 | 8 109 238 168 Gun 420 | 8 52 193 167 Cannon 86 | . 46 40 . Launcher 1 | . . . 1 Special 16 | . 11 5 . Kinetic 109 | 4 65 40 . Thermal 413 | 4 44 198 167 Explosive 1 | . . . 1 Electromagnetic . | . . . . Robot Hit Streak 19 | 2 18 19 14 Robot Miss Streak 9 | 2 4 9 6 Penetration Max . | . . . . Secondary Targets 6 | . 1 1 4 Max Gunslinging Chain 1 | . 1 1 1 Shots Hit Robots 393 | 3 76 166 148 Core Hits 290 | 3 26 101 160 Critical Kills . | . . . . Critical Parts Destroyed . | . . . . Critical Strikes 15 | . 2 8 5 Burn 13 | . 1 7 5 Blast 2 | . 1 1 . Melee Attacks 8 | . 5 3 . Impact . | . . . . Slashing . | . . . . Piercing . | . . . . Sneak Attacks 8 | . 5 3 . Combat Hostiles . | . . . . Follow-up Attacks . | . . . . Damage Inflicted 5914 | 31 1040 2517 2326 Guns 4681 | 31 429 1967 2254 Cannons 1105 | . 558 547 . Explosions 72 | . . . 72 Melee . | . . . . Ramming 3 | . . 3 . Kinetic 1282 | . 735 547 . Thermal 4557 | 31 305 1967 2254 Explosive 72 | . . . 72 Electromagnetic . | . . . . Impact . | . . . . Slashing . | . . . . Piercing . | . . . . Highest Corruption . | . . . . Average Corruption . | . . . . Corruption Purged . | . . . . Corruption Blocked . | . . . . Overload Shots . | . . . . Overflow Damage 21 | . 21 . . Projectiles 21 | . 21 . . Explosions . | . . . . Melee . | . . . . Knockbacks 8 | . 5 3 . Impact . | . . . . Kinetic 8 | . 5 3 . Secondary . | . . . . Self-Inflicted Damage . | . . . . Shots . | . . . . Rammed . | . . . . Targets Rammed 1 | . . 1 . Kicked 1 | . . 1 . Crushed . | . . . . Highest Temperature 222 | . 102 222 201 Average Temperature 44 | . 27 47 51 Received Heat Transfer 1836 | . 198 642 996 Effects 2 | . . 2 . Interference 2 | . . 2 . Siege Activations . | . . . . Martial Activations . | . . . . Shielding Activations . | . . . . Robots Disrupted . | . . . . Combat Hostiles . | . . . . Robots Corrupted . | . . . . Combat Hostiles . | . . . . Parts Fried . | . . . . Impact Corruptions . | . . . . Robots Melted . | . . . . Combat Hostiles . | . . . . Parts Melted 10 | . . 4 6 Heat Transferred 9453 | 75 881 4515 3982 Parts Sabotaged . | . . . . Parts Stolen . | . . . . Parts Stripped . | . . . . Power Chain Reactions . | . . . . Alert | -11 -10 -9 -8 ------- Run | Yrd Mat Mat Mat Maximum Alert Level 1 | . . 1 1 Low Security (%) 94 | 100 100 97 82 Level 1 5 | . . 2 17 Level 2 . | . . . . Level 3 . | . . . . Level 4 . | . . . . Level 5 . | . . . . High Security . | . . . . Max Security . | . . . . Peak Influence 375 | 5 100 249 375 Initial 56 | . . 8 56 Average 56 | 1 19 61 87 Influence Increases 2265 | 10 393 984 878 Destroy 0b10 Robot/C 1440 | . 240 620 580 Destroy 0b10 Robot/NC 90 | 10 40 35 5 Destroy Leader 382 | . 68 202 112 Allied During Kill 2 | . . . 2 Successful Hack 69 | . 14 48 7 Disable Machine 60 | . 30 30 . Destroy Structure 12 | . 1 4 7 Lose Combat Pursuer 210 | . . 45 165 Influence Decreases 1940 | 10 373 869 688 Entered New Map 91 | . . 12 79 Time Decay 1455 | 10 353 657 435 Lost Part 224 | . 20 50 154 Lost Ally 20 | . . . 20 Purge Threat 150 | . . 150 . Squads Dispatched 18 | . 3 5 10 Investigation 7 | . 1 3 3 Extermination . | . . . . Reinforcement 8 | . 2 2 4 Assault 2 | . . . 2 Garrison 1 | . . . 1 Intercept . | . . . . Searches Triggered . | . . . . Construction Impeded . | . . . . Haulers Reinforced . | . . . . Active Scanning Responses . | . . . . Cargo Convoy Interrupts . | . . . . Stealth | -11 -10 -9 -8 --------- Run | Yrd Mat Mat Mat Distress Signals 5 | . 1 2 2 Communications Jammed . | . . . . Distress Signals . | . . . . Times Spotted 119 | . 27 46 46 Peak Tracking Total 7 | . 4 5 7 Tactical Retreats 8 | . . 2 6 Traps | -11 -10 -9 -8 ------- Run | Yrd Mat Mat Mat Traps Triggered 5 | . 2 2 1 Indirectly . | . . . . Trap Hack Attempts . | . . . . Triggered . | . . . . Disarmed . | . . . . Reprogrammed . | . . . . Reused . | . . . . Traps Extracted . | . . . . Installed . | . . . . Triggered . | . . . . Machines | -11 -10 -9 -8 ---------- Run | Yrd Mat Mat Mat Machines Disabled 4 | . 2 2 . Max in Single Turn 1 | . 1 1 . Garrison Access 1 | . . . 1 Machines Repaired . | . . . . Machines Dismantled 2 | . 1 1 . Machines Sabotaged . | . . . . Overloaded Fab Kills . | . . . . Hacking | -11 -10 -9 -8 --------- Run | Yrd Mat Mat Mat Machines Accessed 27 | . 8 15 4 Terminals 17 | . 5 10 2 Fabricators . | . . . . Repair Stations 2 | . 1 1 . Recycling Units 4 | . 2 2 . Scanalyzers 3 | . . 2 1 Garrison Access 1 | . . . 1 Total Hacks 66 | . 21 32 13 Successful 38 | . 10 21 7 Failed 28 | . 11 11 6 Catastrophic 5 | . 1 3 1 Database Lockouts . | . . . . Manual 50 | . 18 22 10 Terminals 41 | . 13 20 8 Fabricators . | . . . . Repair Stations 8 | . 2 6 . Recycling Units 8 | . 6 2 . Scanalyzers 7 | . . 4 3 Garrison Access 2 | . . . 2 Terminal Hacks 8 | . 1 5 2 Terminal Index 2 | . . 1 1 Unreport Threat 1 | . . 1 . Locate Traps 1 | . . 1 . Patrol Status 2 | . . 1 1 Recall Investigation 1 | . 1 . . Zone Layout 1 | . . 1 . Fabricator Hacks . | . . . . Repair Station Hacks 6 | . 2 4 . Scan Component 3 | . 1 2 . Repair 3 | . 1 2 . Recycling Unit Hacks 2 | . 2 . . Report Inventory 1 | . 1 . . Retrieve Matter 1 | . 1 . . Scanalyzer 7 | . . 4 3 Insert Component 5 | . . 3 2 Analyze 2 | . . 1 1 Garrison Access Hacks . | . . . . Unauthorized Hacks 15 | . 5 8 2 Terminals 10 | . 3 6 1 Track 1 | . . 1 . Assimilate 3 | . 2 1 . Botnet 2 | . . 2 . Operators 4 | . 1 2 1 Fabricators . | . . . . Repair Stations . | . . . . Recycling Units 4 | . 2 2 . Reject 4 | . 2 2 . Scanalyzers . | . . . . Garrison Access 1 | . . . 1 Reprogram 1 | . . . 1 Data Cores Recovered . | . . . . Used . | . . . . Hacking Detections 21 | . 7 10 4 Full Trace Events 5 | . 2 2 1 Feedback Events . | . . . . Feedback Blocked . | . . . . Robot Schematics Acquired . | . . . . Robots Built . | . . . . Authchips . | . . . . Time . | . . . . Total Robot Build Rating . | . . . . Part Schematics Acquired 2 | . . 1 1 Parts Built . | . . . . Authchips . | . . . . Time . | . . . . Total Part Build Rating . | . . . . Parts Repaired 3 | . 1 2 . Time 109 | . 26 83 . Parts Recycled . | . . . . Recycled Matter . | . . . . Retrieved Matter . | . . . . Retrieved Components . | . . . . Parts Scanalyzed 2 | . . 1 1 Part Schematics Acquired 2 | . . 1 1 Parts Damaged . | . . . . Bothacking | -11 -10 -9 -8 ------------ Run | Yrd Mat Mat Mat Used RIF Installer . | . . . . Robots Hacked 4 | . 3 1 . Non-combat 4 | . 3 1 . Combat . | . . . . Robot Hacks Applied 8 | . 5 3 . parse_system 1 | . 1 . . no_distress 2 | . 1 1 . check_alert 5 | . 3 2 . Relay Couplers Released 3 | . . . 3 Machine Destruction 3 | . . . 3 Fabnet Peak Effective % . | . . . . Robots Rewired . | . . . . Allies Hacked . | . . . . Hacks Repelled . | . . . . Allies | -11 -10 -9 -8 -------- Run | Yrd Mat Mat Mat Total Allies 3 | . . 1 2 Largest Group 2 | . . 1 2 Highest-Rated Group 32 | . . 10 32 Highest-Rated Ally 16 | . . 10 16 Total Orders . | . . . . Ally Attacks 10 | . . . 10 Total Damage 98 | . . . 98 Kills . | . . . . Allies Corrupted . | . . . . Allies Melted . | . . . . Intel | -11 -10 -9 -8 ------- Run | Yrd Mat Mat Mat Active Infowar (turns) 6848 | 39 1709 3456 1644 Sensors 6013 | . 1308 3061 1644 Terrain 440 | 39 401 . . ECM 396 | . . 396 . Robot Analysis Total . | . . . . Derelict Logs Recovered . | . . . . Drone Launches . | . . . . Drone Recoveries . | . . . . Exploration | -11 -10 -9 -8 ------------- Run | Yrd Mat Mat Mat Turns Passed 6997 | 114 1709 3474 1700 Spaces Moved 3735 | 69 1040 1878 748 Core 25 | 19 . . 6 Treads . | . . . . Legs 3710 | 50 1040 1878 742 Wheels . | . . . . Hover . | . . . . Flight . | . . . . Fastest Speed 50 | 50 120 120 100 Average Speed 128 | 121 120 130 135 Slowest Speed 400 | 200 190 190 400 Overloaded Moves . | . . . . Propulsion Burnouts . | . . . . Robots Hopped . | . . . . Potential Cave-ins . | . . . . Cave-ins Triggered . | . . . . Exploration Rate (%) 55 | 6 96 92 28 Regions Visited 3 Branch Regions . Pre-discovered Areas . | . . . . Known Exits Taken 1 | . . 1 . Unknown Exits Taken 2 | 1 1 . . Scrap Searched . | . . . . Spaces Dug 3 | . . 3 . Terrain Destroyed 12 | . . 4 8 Melee . | . . . . Projectile 4 | . . 4 . AOE 8 | . . . 8 Terrain Rammed . | . . . . Walls Destroyed . | . . . . Machines Disabled . | . . . . Actions | -11 -10 -9 -8 --------- Run | Yrd Mat Mat Mat Total 5370 | 90 1364 2649 1267 Wait 1110 | 1 210 546 353 Move 3732 | 68 1039 1877 748 Hop . | . . . . Pick Up 81 | 9 19 25 28 Fast Attach . | . . . . Attach 41 | 7 5 14 15 Detach 3 | . 1 2 . Swap 48 | 1 11 20 16 Drop 45 | . 8 18 19 Fire 291 | 4 60 139 88 Melee 8 | . 5 3 . Ram . | . . . . Kick 1 | . . 1 . Crush . | . . . . Escape Stasis . | . . . . Rewire . | . . . . Trap . | . . . . Miscellaneous 10 | . 6 4 . Route ------- -11/Scrapyard -10/Materials (discovered 4 exits: *Mat x3 / [*Min]) -9/Materials (discovered 5 exits: *Mat x3 / [*Min x2]) -8/Materials History --------- Turn | Location | Event 24 | -11/Scrapyard | Discovered new exit (range 15) 115 | -11/Scrapyard | Entered Materials 301 | -10/Materials | Build established: Mutant 357 | -10/Materials | Discovered new exit (range 13) 451 | -10/Materials | Discovered new exit (range 8) 694 | -10/Materials | Discovered new exit (range 12) 1192 | -10/Materials | Repaired Lgt. Cannon 1813 | -10/Materials | Discovered new exit (range 3) 1824 | -10/Materials | Entered another Materials area 1824 | -9/Materials | Evolved 2 slots: Utility x2 2180 | -9/Materials | Discovered new exit (range 8) 3087 | -9/Materials | Discovered new exit (range 6) 3472 | -9/Materials | Repaired Cld. Ion Engine 3627 | -9/Materials | Core integrity fell below 50% 3746 | -9/Materials | Discovered new exit (range 7) 3844 | -9/Materials | Discovered new exit (range 10) 4409 | -9/Materials | Discovered new exit (range 13) 5171 | -9/Materials | Repaired Spread Laser 5296 | -9/Materials | Identified exit to Materials 5298 | -9/Materials | Entered another Materials area 5298 | -8/Materials | Evolved 2 slots: Propulsion x1, Utility x1 6387 | -8/Materials | Garrison activated, responded to threat 6939 | -8/Materials | Core integrity fell below 50% 6961 | -8/Materials | Core integrity fell below 20% 6998 | -8/Materials | Destroyed by X-62 Marksman with Gauss Rifle Last Messages --------------- Slug penetrates G-47 Trooper. U-05 Engineer builds a Wall. Penetrated by Slug. Med. Storage Unit destroyed. Acquired Hrd. Medium Armor Plating. Slug penetrates Wall. Lgt. Nuclear Core melted. G-47 Trooper destroyed. Penetrated by Slug. X-62 Marksman destroyed. Switching to secondary target: G-47 Trooper. G-47 Trooper suffers critical hit (Burn). Particle Gun destroyed. Penetrated by Slug. X-62 Marksman suffers critical hit (Burn). Penetrated by Slug. Particle Gun destroyed. Acquired 25 matter. Penetrated by Slug. M-28 Smith repairs G-47 Trooper. Map ----- +----------------------------------------------------+ | ????????????????????????????????? | | ????????????????????????????????? | | ????????????????????????????????? | | ????????????????????????????????? | | ????????????????????????????????? | | ???????????????????????????? ???? | | ???????????????????????????? ???? | | ????????########?????####??? ???? | | ???????? ???? ###+#### | | ???????? ???? # | | ???????? ???? | | ????????? ????? === | | ????????? ???H? === =! | | ????????? #?#?#??#== ! # | | ?????????# # ? ?# # | | ?????????# # ??" # # | | ?????????# #????? + """ # | | ?????????# #??????# """ # | | ?????????# #??????# """ # | | ########## #??????# %= # | | # # % #??????# * = # | | # # %#??????# *%! # | | # %# r#??????# " [! # | | # =[#[ #??????# "G"! # | | # """ *%g%= #??????# """ | | # """""%@#[% #??????# % | | # """""=x#= #??????# | | # """""g%# #??????#######+##### | | # """[!=m #??????# #?? | | ##########*%=#??????# """ #?? | | ?????##### !%######## """"" #?? | | ?????# [%*[=[ %+%""""" #?? | | ??#### =######## """"" #?? | | ?##! =[ [#??????# """ #?? | | ?#! =[% =%#??????# #?? | | ?#! ![####"%#??????# ### | | ?#! #?###+########+######### | | ?#! #?#! %%[ ## #???????# | | ?##! #?# %== ![ ## #???????# | | ??#### ### [% [ ## #???????# | | ?????# %+[ ## #???????# | | ?????# ### """ " + ######### | | ?????# #?# """ """ ##### ]]]]# | | ?????# #?# """ """ #???# ]]]]# | | ?????# #?# % #???# # | | ?????# #?###+########### ##+ | | ?????# #?# =%= | | ?????# #?#=[*= | | ?????# #####+########## ##+##### | | ?????# + # # # # | +----------------------------------------------------+ Best States ------------- Heat Dissipation 59 Energy Generation 14 Energy Capacity 280 Matter Stores 300 Matter Capacity 300 Sight Range 16 Robot Scan Range 14 Terrain Scan Range 16 Terrain Scan Density 10 ECM Strength 1 Armor Coverage 225 Evasion (%) 55 Targeting Accuracy 6 Offensive Hacking 20 Item Schematics ----------------- Imp. Aluminum Leg | -9/Materials | Scanalyzed Spread Laser | -8/Materials | Scanalyzed Robot Schematics ------------------ None Fabricated ------------ Nothing Repaired ---------- Lgt. Cannon | 50% | -10/Materials Cld. Ion Engine | 48% | -9/Materials Spread Laser | 70% | -9/Materials Alien Tech Used ----------------- None Achievements -------------- None Challenges ------------ None Game ------ Seed DirectedOmegaDetonator Manual? 0 Play Time 01:07:54 Cumulative 26.2 hours Start 2025.10.13 @ 00:35:51 End 2025.10.13 @ 01:43:18 Sessions 1 Manual Loads 0 Difficulty Rogue Special Mode None Game No. 66 Rogue 66 Adventurer 0 Explorer 0 Win Type - Total 0 Types 0/0/0/0/0/0/0/0/0/0 Lore% 22 Gallery% 29 Achievement% 25 Wizard Run 0 Options --------- Layout 2 ASCII 0 Keyboard 0 Movement Numpad Keybinds 0 Fullscreen 1 Font 24/Smallcaps Map View 50x44 Zoom Use 0% Tactical HUD 0 Map Filters NONE Filters NONE Steam 1 RUN: a26e0309-f06f-4c38-9fff-c1d2bdee3429